 Dungeon Crawl Stone Soup version 0.31-a0-667-g39726597b9 (webtiles) character file.

Game seed: 11572007902178654518

127 Bravepunisher the Ducker (level 4, -2/24 HPs)
             Began as a Spriggan Monk on Sept 3, 2023.
             Was a Follower of Okawaru.
             Slain by Grinder (3 damage)
             ... while paralysed by Grinder
             ... on level 3 of the Dungeon.
             The game lasted 00:09:15 (2281 turns).

Bravepunisher the Ducker (Spriggan Monk)            Turns: 2281, Time: 00:09:15

Health: -2/24      AC:  3    Str:  7    XL:     4   Next: 85%
Magic:  1/5        EV:  4    Int: 11    God:    Okawaru [*.....]
Gold:   96         SH:  0    Dex: 19    Spells: 3/3 levels left

rFire   . . .        a - +0 short sword
rCold   . . .        d - orb {light}
rNeg    . . .        b - +0 robe
rPois   .            (helmet restricted)
rElec   .            e - +0 cloak
rCorr   +            (gloves unavailable)
SInv    +            (boots unavailable)
Will    .....        (no amulet)
Stlth   ++           r - ring of resist corrosion
HPRegen 0.24/turn    (no ring)
MPRegen 0.09/turn

%: no passive effects
@: paralysed, heroic, glowing, very quick
A: very small, no large weapons, unfitting armour, see invisible, speed 3
a: Renounce Religion, Heroism


You were on level 3 of the Dungeon.
You worshipped Okawaru.
Okawaru was aware of your devotion.
You visited 1 branch of the dungeon, and saw 6 of its levels.

You collected 96 gold pieces.

Inventory:

Hand Weapons
 a - a +0 short sword (weapon)
Armour
 b - a +0 robe (worn)
 d - an orb of light (worn)
 e - a +0 cloak (worn)
Jewellery
 r - a ring of resist corrosion (left hand)
Scrolls
 f - 3 scrolls of teleportation
 g - 2 scrolls of noise {unknown}
 h - 2 scrolls of fear {unknown}
 i - 3 scrolls of revelation {unknown}
 m - a scroll of fog {unknown}
 p - 2 scrolls of identify {unknown}
 q - a scroll of enchant weapon {unknown}
Potions
 c - a potion of ambrosia
 j - a potion of magic {unknown}
 k - a potion of lignification {unknown}
 l - a potion of mutation {unknown}
 n - a potion of heal wounds
 o - a potion of haste {unknown}


   Skills:
 + Level 3.3(8.3) Fighting
 - Level 3.2(8.2) Short Blades
 * Level 6.5(11.5) Dodging


You had 3 spell levels left.
You didn't know any spells.
Your spell library contained the following spells:

 Spells                   Type           Power      Damage    Failure   Level
 Magic Dart               Conj           0%         1d3       34%         1
 Necrotise                Necr           0%         1d4       34%         1
 Mephitic Cloud           Conj/Pois/Air  0%         N/A       71%         3
 Vampiric Draining        Necr           0%         2d6       71%         3
 Agony                    Necr           0%         N/A       100%        5
 Call Imp                 Summ           Unusable   N/A       N/A         2

Dungeon Overview and Level Annotations

Branches:
Dungeon (6/15)
 Temple: D:4-7

Altars:
Okawaru

Annotations:
D:3 Grinder
D:5 Blork the orc, Menkaure


Innate Abilities, Weirdness & Mutations

You are very small and have problems with some larger weapons.
You are too small for most types of armour.
You have supernaturally acute eyesight. (SInv)
You cover ground extremely quickly. (Speed+++)


Message History

Grinder gestures at you. You resist with some effort.
You hit Grinder.
Grinder is moderately wounded.
Grinder hits you but does no damage.
You hit Grinder but do no damage.
Grinder is moderately wounded.
You hit Grinder.
Grinder is moderately wounded.
Grinder completely misses you.
You hit Grinder.
Grinder is moderately wounded.
You puncture Grinder!
Grinder is heavily wounded.
Grinder hits you.
You writhe in agony.
You hit Grinder but do no damage.
Grinder is heavily wounded.
Grinder gestures at you. You resist with some effort.
You barely miss Grinder.
Grinder is heavily wounded.
You feel like a meek peon again.
You gain the combat prowess of a mighty hero.
Grinder misses you.
You hit Grinder.
Grinder is severely wounded.
Grinder gestures at you.
You suddenly lose the ability to move!
Grinder hits you but does no damage. Grinder hits you! Grinder gestures at you.
You shrug off the repeated paralysis!
Grinder gestures at you. Pain shoots through your body!
* * * LOW HITPOINT WARNING * * *
Grinder hits you.
* * * LOW HITPOINT WARNING * * *
You writhe in agony.
You die...
Grinder says, "Now the real fun starts!"

### ... ....###
#####.. .......
...#..
#~..≈###5.#.#
#..@#.#.#
#.⌠$#.#.# .#≈
#...#...#
#~≈≈≈###....#
..≈≈≈≈≈~....#.#
..~≈≈≈≈~..).#.####
###≈≈≈≈###.......#
..#≈≈#...#...)..#
.⌠.#≈≈#.⌠.#......#


You could see Grinder.

Vanquished Creatures
  Jessica (D:3)
  3 adders (D:2)
  An ufetubus (D:5)
  3 dart slugs
  6 endoplasms
  A giant cockroach (D:1)
  5 goblins
  7 hobgoblins
  8 jackals (D:1)
  8 kobolds
  5 ball pythons
  4 bats
  4 frilled lizards
  4 rats
60 creatures vanquished.

Notes
Turn   | Place    | Note
-------+----------+-------------------------------------------
     0 | D:1      | Bravepunisher the Spriggan Monk began the quest for the
                  | Orb.
     0 | D:1      | Reached XP level 1. HP: 11/11 MP: 2/2
   202 | D:4      | You fall into a shaft and drop 2 floors!
   203 | D:6      | Noticed a hound
   207 | D:6      | Noticed a black bear
   211 | D:6      | Noticed an ice beast
   225 | D:6      | Noticed an orc wizard
   227 | D:6      | Noticed an orc wizard
   227 | D:5      | Entered Level 5 of the Dungeon
   227 | D:5      | Noticed Menkaure
   246 | D:5      | Noticed a scorpion
   298 | D:5      | Noticed a scorpion
   315 | D:5      | Noticed Blork the orc
   354 | D:4      | Reached XP level 2. HP: 16/16 MP: 3/3
   367 | D:4      | Found an iron altar of Okawaru.
   375 | D:4      | Became a worshipper of Warmaster Okawaru
   375 | D:4      | Reached * piety under Okawaru
   375 | D:4      | Reached ** piety under Okawaru
   388 | D:4      | Identified the +2 glaive of Extinguishment {distort, rPois
                  | Will- Dex+3}
   793 | D:1      | Reached skill level 5 in Dodging
   999 | D:1      | Reached XP level 3. HP: 19/19 MP: 4/4
  1599 | D:2      | Reached XP level 4. HP: 24/24 MP: 5/5
  1776 | D:2      | Noticed a black bear
  1849 | D:2      | Identified the +6 falchion "Gusael" {flame, rElec Dex+3}
  1915 | D:2      | Reached skill level 6 in Dodging
  2232 | D:3      | Noticed Jessica
  2240 | D:3      | Noticed Grinder
  2252 | D:3      | Killed Jessica
  2276 | D:3      | Paralysed by Grinder for 5 turns
  2281 | D:3      | HP: 1/24 [Grinder (1)]
  2281 | D:3      | Slain by Grinder

Illustrated notes

Levels and vault maps discovered:
D:1:      nzn_arrival_water_spiral, layout_loops_ring, serial_bayou_lagoon_a
D:2:      layout_rooms
D:3:      layout_loops_ring, fountainhead, uniq_jessica, uniq_grinder
D:4:      layout_basic, okawaru_gym_becter
D:5:      layout_loops_ring, uniq_blork_the_orc, uniq_menkaure
D:6:      layout_rooms, minmay_misc_feat_plants

Skill      XL: |  1  2  3  4 |
---------------+-------------+-----
Dodging        | 5 6 |  6.5
Fighting       | 3 |  3.3
Short Blades   | |  3.2

Action                     |  1- 3 |  4- 6 || total
---------------------------+-------+-------++-------
  Melee: Short sword       |   162 |    76 ||   238
 Invoke: Heroism           |       |     3 ||     3
    Use: Scroll            |     1 |     1 ||     2
         Potion            |       |     1 ||     1
 Armour: Robe              |    36 |    15 ||    51
  Dodge: Dodged            |   144 |    37 ||   181

Table legend: (Time is in decaauts)
 A = Elapsed time spent in this place.
 B = Non-inter-level travel time spent in this place.
 C = Inter-level travel time spent in this place.
 D = Time resting spent in this place.
 E = Time spent auto-exploring this place.
 F = Levels seen in this place.
 G = Mean time per level.
                   A        B        C        D        E       F      G
               +--------+--------+--------+--------+--------+-----+--------+
         Total |   1534 |   1361 |    173 |     39 |    784 |   6 |  255.7 |
       Dungeon |   1534 |   1361 |    173 |     39 |    784 |   6 |  255.7 |
               +--------+--------+--------+--------+--------+-----+--------+

Top non-repeatable levels by time:
     D:1: 621 daAuts
     D:2: 330 daAuts
     D:3: 255 daAuts
     D:4: 237 daAuts
     D:5: 74 daAuts
     D:6: 15 daAuts
